 BcadrenCrawl: Boulder Brew version 0.06-744-gf22570f5e0 (webtiles) character file.

Game seed: 14043188177768525096

16881 LabCoat the Cleaver (level 12, -4/138 HPs) Hill Orc Fighter. Began on Mar 10, 2023. Was a High Priest of Okawaru. Killed from afar by a frost giant (20 damage) ... with a bolt of cold ... in an ice cave on Mar 11, 2023. The game lasted 01:01:50 (9856 turns).

LabCoat the Cleaver (Hill Orc Fighter)              Turns: 9856, Time: 01:01:51

Health: -4/138     AC: 20    Str: 23    XL:     12 ^: 7866
Magic:  16/16      EV: 11    Int:  7    God:    Okawaru [5* [140]]
Gold:   577        SH:  0    Dex: 11    Spells: 11/11 levels left

rFire    . . .     Slash    .   a - +5 executioner's axe (elec)
rCold    . . .     Pierce   .   (also wielding the above weapon)
rNeg     + . .     Bludgeon .   P - +0 chain mail
rCorr    . . .     Vision   .   t - +0 helmet
rPois    +         Gourm    .   o - +2 ratskin cloak {+Rats rPois rN+ Str-1 Int-1 Dex+1}
rElec    .         Faith    .   (no gloves)
MR       .....     Spirit   .   (no boots)
HPRegen  0.56/turn Reflect  .   O - amulet of rage
MPRegen  0.26/turn Harm     .   e - ring of protection
Stlth    ..........             n - ring of poison resistance

@: no status effects
A: soft flesh
a: Heroism, Finesse, Renounce Religion, Evoke Ratskin, Evoke Berserk Rage


You were in an ice cave.
You worshipped Okawaru.
Okawaru was extremely pleased with you.
You were full.

You visited 3 branches of the dungeon, and saw 9 of its levels.
You also visited: Ice Cave.

You collected 577 gold pieces.

Inventory:

Weapons
 a - a +5 executioner's axe of electrocution (weapon)
 b - a +0 hand crossbow
 v - a +0 war axe of protection
 M - a +0 war axe of electrocution Shields
 c - a +0 heater shield
 k - a +1 nunchaku of protection
 T - a +1 nunchaku of crushing
 U - a +2 buckler of fire resistance
Armour
 o - the +2 ratskin cloak (worn) {+Rats rPois rN+ Str-1 Int-1 Dex+1}
   (You found it on level 2 of the Dungeon)

   It affects your strength (-1).
   It affects your intelligence (-1).
   It affects your dexterity (+1).
   It protects you from poison.
   It protects you from negative energy.
 t - a +0 helmet (worn)
 B - a cursed +0 pair of boots {(Curse: Slay-2)}
 P - a +0 chain mail (worn)
Jewellery
 d - an uncursed ring of wizardry
 e - a ring of protection (left hand)
 g - a cursed ring of stealth {(Curse: rF-)}
 h - an uncursed amulet of the gourmand
 j - a cursed ring of evasion {(Curse: rF-)}
 m - the ring of Dotydy {MP+9 Int+2}
   (You took it off an orc wizard on level 4 of the Dungeon)

   [ring of magical power]

   It affects your intelligence (+2).
   It affects your magic capacity (+9).
 n - a ring of poison resistance (right hand)
 p - an uncursed ring of intelligence
 r - a cursed ring of wizardry {(Curse: Slay-4)}
 w - an uncursed ring of resist corrosion
 D - an uncursed ring of strength
 F - the cursed amulet "Offidukau" {Gourm rPois +Vis, (Curse: *Tele)}
   (You took it off a big kobold on level 5 of the Dungeon)

   [amulet of the gourmand]

   It allows you to eat raw meat even when not hungry.
   It protects you from poison.
   It improves your vision.
   It has a curse placed upon it.
   { (Curse: *Tele)}
 G - an uncursed ring of dexterity
 I - an uncursed amulet of chaos
 J - a cursed ring of stealth {(Curse: Int-5)}
 N - an uncursed ring of evasion
 O - an amulet of rage (around neck)
Wands
 q - a wand of scattershot (5)
 R - a wand of clouds (7)
Scrolls
 x - a scroll of teleportation
 y - 2 scrolls of silence
 C - 2 scrolls of fog
 E - 2 scrolls of fear
 S - a scroll of immolation
Potions
 i - a potion of brilliance
 l - a potion of resistance
 s - a potion of curing
 A - a potion of cancellation
 H - a potion of cure mutation
 K - 2 potions of mutation
 L - a potion of ambrosia
 Q - a potion of lignification
Miscellaneous
 u - a fan of gales
Comestibles
 f - 17 rations


   Skills:
 * Level 10.5 Fighting
 * Level 11.3 Axes & Hammers
 + Level 6.0 Whips & Flails
 * Level 6.6 Crossbows
 + Level 8.6 Armour
 + Level 4.3 Dodging
 * Level 7.4 Shields
 * Level 5.6 Invocations
 + Level 6.1 Evocations


You had 11 spell levels left.
You didn't know any spells.
Your spell library contained the following spells:

 Spells                   Type           Power        Failure   Level  Hunger
 Sandblast Erth 0 (50) 75% 1 40-60 Passwall Tmut/Erth 0 (120) 86% 2 80-120 Stone Arrow Erth 0 (50) 98% 3 120-180 Petrify Tmut/Erth 0 (100) 100% 4 200-300 Lee's Rapid Deconstruct Erth 0 (200) 100% 5 320-480 Methodical Deconstructi Erth           0 (200)      100%        5    320-480


Dungeon Overview and Level Annotations

Branches:
Dungeon (6/8)              Temple (1/1) D:4            Lair (2/6) D:5
  IceCv (1/1)
  Swamp: Lair:2-4    Shoals: Lair:2-4     Snake: Lair:2-4    Spider: Lair:2-4
    Orc: D:6

Altars:
Beogh
Cheibriados
Fedhas Madash
Gozag Ym Sagoz
Hepliaklqana
Kikubaaqudgha
Okawaru
Trog
Wu Jian
Xom
Yredelemnul

Shops:
D:2 *


Innate Abilities, Weirdness & Mutations

((Your soft flesh is weak to deep cuts.
Heavy manmade armour will nullify this weakness. (rSlashing-)))


Message History

The frost giant is moderately wounded. (69/106) HP You slash the frost giant (11)!
She is lacerated severely!
Lightning courses through the frost giant (4).
The frost giant is heavily wounded. (54/106) HP The frost giant hits you with a +2 battleaxe of freezing (4).
The frost giant freezes you (2). The frost giant casts a spell at you.
The bolt of cold hits you (16)!
* * * LOW HITPOINT WARNING * * *
Okay, then.
You slash the frost giant (13)!
She is lacerated severely!
Lightning courses through the frost giant (4).
The frost giant is severely wounded. (39/106) HP The frost giant gestures at you while chanting.
The bolt of cold hits you (35)!!
* * * LOW HITPOINT WARNING * * *
You feel better.
You drop the empty bottle.
The frost giant casts a spell at you. The bolt of cold hits you (20)!!
You die...

##########
#######...##@Ch#
#..#...##...##hhh#
#### #..########


YhY.# ≈≈.#####..# hh.. ≈#≈..##..## ... ≈≈##...### .# ≈≈≈##### # ≈≈#≈≈# ≈≈≈≈≈≈≈
You could see a frost giant, 7 polar bears and 2 yaks.

Vanquished Creatures
  A boulder beetle (Lair:1)
  A two-headed ogre (D:5)
  7 death yaks (D:5)
  A black mamba (Lair:2)
  A troll (D:5)
  4 komodo dragons
  12 polar bears (IceCv)
  A hippogriff (D:5)
  5 spiny frogs (Lair:1)
  12 yaks (IceCv)
  Purgy (D:2)
  A bone scorpion (D:4)
  A phantom (D:5)
  5 water moccasins
  2 orc warriors (D:5)
  A scorpion (D:5)
  2 necrophages
  6 porcupines
  3 sky beasts (D:4)
  4 ogres
  11 wolves (IceCv)
  2 crocodiles
  5 big kobolds
  A centaur (D:5)
  3 howler monkeys (D:5)
  3 wights (D:5)
  A quasit (D:5)
  2 electric eels (Lair:2)
  6 orc priests
  3 hounds
  9 jellies
  11 orc wizards
  3 hell rats (D:2)
  8 worker ants
  2 iguanas
  A water moccasin skeleton (D:5)
  4 giant cockroaches
  A cysgobwca (D:4)
  2 boggart skeletons (D:4)
  18 adders
  36 sewer rats
  10 cinder newts
  8 worms
  8 bullfrogs
  6 oozes
  A hound skeleton (D:5)
  4 dart slugs (D:1)
  4 leopard geckos
  33 orcs
  4 adder skeletons
  An adder zombie (D:5)
  2 ball pythons (D:2)
  A cinder newt skeleton (D:2)
  6 goblins (D:1)
  8 hobgoblins (D:1)
  2 ball python skeletons (D:2)
  5 bats
  2 bat skeletons (D:2)
  27 kobolds
  A leopard gecko skeleton (D:3)
  A quokka skeleton (D:2)
  A quokka zombie (D:5)
  23 rats
  A slimehead (D:2)
362 creatures vanquished.

Vanquished Creatures (others)
  2 giant cockroaches (D:2)
  2 sewer rats (D:2)
  2 bullfrogs (D:2)
  A leopard gecko (D:2)
  2 bats (D:2)
  A ball python skeleton (D:2)
  4 giant blowflies (D:2)
  4 slimeheads (D:2)
  63 withered plants (D:2)
81 creatures vanquished.

Grand Total: 443 creatures vanquished

Notes
Turn   | Place    | Note
-------+----------+-------------------------------------------
     0 | D:1      | LabCoat the Hill Orc Fighter began the quest for the Orb.
     0 | D:1      | Reached XP level 1. HP: 29/29 MP: 1/1
    92 | D:1      | Reached skill level 3 in Axes & Hammers
    92 | D:1      | Reached XP level 2. HP: 26/39 MP: 2/2
   200 | D:1      | Reached XP level 3. HP: 7/49 MP: 3/3
   469 | D:1      | Reached skill level 4 in Axes & Hammers
   565 | D:1      | your +1 nunchaku of protection protects you from harm!
   586 | D:1      | Reached XP level 4. HP: 45/59 MP: 4/4
   961 | D:2      | Noticed Purgy
  1135 | D:2      | Reached XP level 5. HP: 43/69 MP: 5/5
  1159 | D:2      | Reached skill level 5 in Axes & Hammers
  1159 | D:2      | Reached skill level 1 in Whips & Flails
  1285 | D:2      | Reached XP level 6. HP: 72/79 MP: 6/6
  1308 | D:2      | Reached skill level 5 in Fighting
  1308 | D:2      | Reached skill level 1 in Dodging
  1365 | D:2      | Killed Purgy
  1365 | D:2      | Reached skill level 6 in Axes & Hammers
  1365 | D:2      | Reached XP level 7. HP: 23/89 MP: 7/7
  1956 | D:2      | Reached skill level 1 in Crossbows
  2025 | D:2      | Reached XP level 8. HP: 50/99 MP: 8/8
  2031 | D:2      | HP: 4/99 [water moccasin (4)]
  2255 | D:2      | Reached skill level 7 in Axes & Hammers
  2490 | D:2      | Reached skill level 5 in Armour
  2689 | D:2      | Found the +2 ratskin cloak {+Rats rPois rN+ Str-1 Int-1
                  | Dex+1}
  3015 | D:2      | Found Woni's General Store.
  3321 | D:2      | Found a bloodstained altar of Trog.
  3773 | D:3      | Reached skill level 8 in Axes & Hammers
  3801 | D:3      | Reached skill level 5 in Shields
  3801 | D:3      | Reached XP level 9. HP: 108/108 MP: 9/9
  4465 | D:4      | Identified the ring of Dotydy {MP+9 Int+2}
  4533 | D:4      | Reached skill level 1 in Evocations
  4755 | D:4      | Found a staircase to the Ecumenical Temple.
  4766 | Temple   | Entered the Ecumenical Temple
  4791 | Temple   | Became a worshipper of Warmaster Okawaru
  4899 | D:4      | your +0 war axe of protection protects you from harm!
  5182 | D:4      | Found a snail-covered altar of Cheibriados.
  5182 | D:4      | Found a roughly hewn altar of Beogh.
  5183 | D:4      | Found a shimmering altar of Xom.
  5382 | D:5      | Entered Level 5 of the Dungeon
  5477 | D:5      | Found an ornate altar of the Wu Jian Council.
  5578 | D:5      | Reached skill level 9 in Axes & Hammers
  5622 | D:5      | Reached XP level 10. HP: 116/116 MP: 10/10
  5643 | D:5      | Reached * piety under Okawaru
  6012 | D:5      | Noticed a two-headed ogre
  6020 | D:5      | Killed a two-headed ogre
  6336 | D:5      | Identified a scroll of acquirement
  6343 | D:5      | Acquired a +2 executioner's axe of electrocution
  6367 | D:5      | Reached ** piety under Okawaru
  6434 | D:5      | Noticed a death yak
  6437 | D:5      | Noticed a death yak
  6440 | D:5      | Noticed a death yak
  6441 | D:5      | Noticed a death yak
  6441 | D:5      | Noticed a death yak
  6442 | D:5      | Noticed a death yak
  6443 | D:5      | Killed a death yak
  6443 | D:5      | Reached skill level 5 in Crossbows
  6443 | D:5      | Noticed a death yak
  6445 | D:5      | Killed a death yak
  6445 | D:5      | Reached *** piety under Okawaru
  6689 | D:5      | Reached skill level 10 in Axes & Hammers
  6775 | D:5      | Found a staircase to the Lair.
  6786 | D:5      | Killed a death yak
  6786 | D:5      | Reached skill level 5 in Whips & Flails
  6786 | D:5      | Reached skill level 1 in Invocations
  6786 | D:5      | Reached XP level 11. HP: 114/128 MP: 8/11
  7141 | D:5      | Reached **** piety under Okawaru
  7339 | D:5      | Identified the cursed amulet "Offidukau" {Gourm rPois +Vis,
                  | (Curse: *Tele)}
  7364 | D:6      | Noticed a skeletal warrior
  7406 | Lair:1   | Entered Level 1 of the Lair of Beasts
  7537 | Lair:1   | Noticed a boulder beetle
  7547 | Lair:1   | Killed a boulder beetle
  7547 | Lair:1   | Reached skill level 5 in Evocations
  8681 | Lair:2   | Found a frozen archway.
  8689 | Lair:2   | Reached skill level 10 in Fighting
  8694 | IceCv    | Entered an ice cave
  8876 | IceCv    | Reached skill level 11 in Axes & Hammers
  8878 | IceCv    | Reached XP level 12. HP: 108/138 MP: 15/15
  8883 | IceCv    | Reached ***** piety under Okawaru
  9020 | IceCv    | Reached skill level 5 in Invocations
  9840 | IceCv    | Noticed a frost giant
  9856 | IceCv    | Killed from afar by a frost giant

Illustrated notes

Levels and vault maps discovered:
D:1:      lemuel_arrival_rhombus, layout_basic
D:2:      wander_guarded_unrand_ratskin, layout_sewer, kennysheep_mini_moat,
          serial_shops, nicolae_shop_statue_plus, uniq_purgy
D:3:      layout_cave_pods, first_ration
D:4:      layout_loops_ring, gammafunk_temple_overflow_claw,
          minmay_temple_entry_stoned_glass
D:5:      layout_stronghold, nicolae_overflow_crystal_walls, dpeg_lair_monsters
D:6:      layout_big_octagon, hiddenorc2_lemuel
Temple:   eino_temple_scatter_basement
Lair:1:   layout_chaotic_city
Lair:2:   layout_cave_pods, portal_ice_cave_entry_pillars_1,
          infiniplex_staircase_pool
IceCv:    ice_cave_caverns_03

Skill      XL: |  1  2  3  4  5  6  7  8  9 10 11 12 |
---------------+-------------------------------------+-----
Axes & Hammers | 3 4 5 6 8 9 10 11 | 11.3
Fighting       | 4 5 6 7 8 9 10 | 10.5
Armour         | 4 5 6 7 8 |  8.6
Whips & Flails | 1 2 3 4 5 6 |  6.0
Dodging        | 1 2 3 4 |  4.3
Shields        | 4 5 6 7 |  7.4
Crossbows      | 1 3 4 5 6 |  6.6
Evocations     | 2 4 5 6 |  6.1
Invocations    | 1 4 5 |  5.6

Action                   |  1- 3 |  4- 6 |  7- 9 | 10-12 || total
-------------------------+-------+-------+-------+-------++-------
Melee: War axe           |    44 |    72 |   211 |    38 ||   365
       Nunchaku          |     4 |    49 |   124 |       ||   177
       Executioner's axe |       |       |       |   162 ||   162
 Fire: Hand crossbow     |       |       |   217 |   189 ||   406
Throw: Stone             |       |     9 |     1 |       ||    10
       Bone              |       |     8 |     2 |       ||    10
       Rusty metal       |       |     4 |       |       ||     4
       Skull             |       |     3 |       |       ||     3
Invok: Heroism           |       |       |       |     4 ||     4
Evoke: Wand              |       |       |       |     1 ||     1
  Use: Potion            |     1 |       |     1 |     3 ||     5
       Scroll            |       |     1 |     2 |     5 ||     8
  Eat: Chunk             |    18 |     3 |    16 |    10 ||    47
Armor: Scale mail        |    29 |   157 |   337 |    70 ||   593
       Chain mail        |       |       |       |   184 ||   184
Dodge: Dodged            |    12 |    56 |   137 |    77 ||   282
Block: Heater shield     |    11 |       |       |       ||    11
       Nunchaku          |     2 |    26 |    75 |       ||   103
